 Dungeon Sprint DCSS version 0.28-a0-1382-g92835e5c71 (webtiles) character file.

Game seed: 7553926413627783969

2 mhtbhm the Skirmisher (level 1, -1/15 HPs)
             Began as a Gargoyle Berserker on Jan 1, 2022.
             Was a Believer of Trog.
             Slain by a wolf (2 damage)
             ... in the Dungeon (Sprint III: "The Ten Rune Challenge").
             The game lasted 00:00:08 (135 turns).

mhtbhm the Skirmisher (Gargoyle Berserker)           Turns: 135, Time: 00:00:09

Health: -1/15      AC:  4    Str: 20    XL:     1   Next: 40%
Magic:  1/1        EV: 12    Int:  7    God:    Trog [**....]
Gold:   0          SH:  0    Dex:  9    Spells: 0/0 levels left

rFire   . . .      SeeInvis .   a - +0 mace
rCold   . . .      Faith    .   (no shield)
rNeg    + . .      Spirit   .   b - +0 animal skin
rPois   ∞          Reflect  .   (no helmet)
rElec   +          Harm     .   (no cloak)
rCorr   .          Rampage  .   (no gloves)
Will    .....      NoTele   +   (no boots)
Stlth   +.........              (no amulet)
HPRegen 0.05/turn               (no ring)
MPRegen 0.07/turn               (no ring)

@: hasted, very quick
A: sickness immunity, AC +2, negative energy resistance 1, electricity
resistance, torment resistance 1, petrification resistance
a: Renounce Religion, Berserk, Trog's Hand


You were in the Dungeon.
You worshipped Trog.
Trog was pleased with you.
You visited 1 branch

Inventory:

Hand Weapons
 a - a +0 mace (weapon)
Armour
 b - a +0 animal skin (worn)
Scrolls
 h - a scroll of blinking
Potions
 c - a potion of curing
 e - 3 potions of haste
 f - 2 potions of magic
 g - a potion of berserk rage


   Skills:
 + Level 3.8 Fighting
 + Level 3.5 Maces & Flails
 + Level 2.3 Armour
 + Level 1.7 Dodging


You couldn't memorise any spells.
You didn't know any spells.
Your spell library was empty.

Dungeon Overview and Level Annotations

Branches:
Dungeon (1/1)

Altars:

Annotations:
D Jessica


Innate Abilities, Weirdness & Mutations

You are immune to sickness and miasma.
Your stone body is resilient. (AC +2)
You are immune to poison.
You resist negative energy. (rN+)
You are resistant to electric shocks. (rElec)
You are resistant to unholy torment.
You are immune to petrification.


Message History

Jessica shouts!
There is an open door here.
You barely miss the rat. The rat closely misses you.
Jessica zaps a wand.
Some rock shatters into small pieces.
The rat completely misses you.
A wolf comes into view.
You sock the rat!
You kill the rat!
Trog accepts your kill.
You can now call upon Trog for regeneration and willpower.
The wolf howls!
The wolf moves out of view.
You hit Jessica.
Jessica is lightly wounded.
Jessica hits you with a +0 club.
You hit Jessica.
Jessica is severely wounded.
The wolf misses you.
Jessica gestures wildly while chanting.
Jessica blinks!
You miss the wolf. The wolf closely misses you. The wolf barely misses you.
You closely miss the wolf. The wolf bites you!
Ouch! That really hurt!
* * * LOW HITPOINT WARNING * * *
The wolf closely misses you.
You are too injured to fight recklessly!
You are too injured to fight recklessly!
You are too injured to fight recklessly!
You are too injured to fight recklessly!
You are too injured to fight recklessly!
You are too injured to fight recklessly!
Unknown command.
You feel much better. The wolf bites you!
Ouch! That really hurt!
Jessica hits you with a +0 club.
* * * LOW HITPOINT WARNING * * *
The wolf bites you.
* * * LOW HITPOINT WARNING * * *
Okay, then.
You feel yourself speed up. The wolf bites you.
You die...

▓▓▓▓ ▓▓▓
▓<.# ...
▓..# ..
▓#'####..
▓.....#.
▓......
▓....h#
▓###@@#
▓(...†#
▓.....#
▓.....#
▓+#####


You could see a wolf and Jessica.

Vanquished Creatures
  An endoplasm (D)
  2 rats (D)
3 creatures vanquished.

Notes
Turn   | Place    | Note
-------+----------+-------------------------------------------
     0 | D        | mhtbhm the Gargoyle Berserker began the quest for the Orb.
     0 | D        | Reached XP level 1. HP: 14/14 MP: 1/1
   127 | D        | Noticed Jessica
   129 | D        | Noticed a wolf
   129 | D        | Reached ** piety under Trog
   135 | D        | Slain by a wolf

Illustrated notes

Levels and vault maps discovered:
D:        dungeon_sprint_mu [sprint_mu_entry_forest, sprint_mu_temple_rooms,
          sprint_mu_d1_horrors, sprint_mu_d2_genie, sprint_mu_d3_branching,
          sprint_mu_orc_legion, sprint_mu_elf_gauntlet, sprint_mu_hive_nellie,
          sprint_mu_lair_fedhas, sprint_mu_vaults_butterflies,
          sprint_mu_slime_circle, sprint_mu_swamp_cave, sprint_mu_snake_twists,
          sprint_mu_blade_basic, sprint_mu_crypt_chambers,
          sprint_mu_tomb_spiral, sprint_mu_vestibule_basic,
          sprint_mu_gehenna_hellfire, sprint_mu_dis_giant,
          sprint_mu_tartarus_statrot, sprint_mu_cocytus_islands, sprint_mu_zot1]

Action                   || total
-------------------------++-------
Melee: Mace              ||     9
  Use: Potion            ||     2
Dodge: Dodged            ||     7

Table legend: (Time is in decaauts)
 A = Elapsed time spent in this place.
 B = Non-inter-level travel time spent in this place.
 C = Inter-level travel time spent in this place.
 D = Time resting spent in this place.
 E = Time spent auto-exploring this place.
 F = Levels seen in this place.
 G = Mean time per level.
                   A        B        C        D        E       F      G
               +--------+--------+--------+--------+--------+-----+--------+
         Total |    137 |    137 |      0 |    116 |      1 |   1 |  137.0 |
       Dungeon |    137 |    137 |      0 |    116 |      1 |   1 |  137.0 |
               +--------+--------+--------+--------+--------+-----+--------+

Top non-repeatable levels by time:
       D: 137 daAuts
